[Event "*** Titled Tuesday Blitz"]
[Site "Chess.com"]
[Date "2020.05.05"]
[Round "6"]
[White "GMartin_Petrov"]
[Black "Dumbo32"]
[Result "1-0"]
[WhiteElo "2613"]
[BlackElo "2405"]
[TimeControl "180+1"]
[EndTime "11:06:29 PDT"]
[Termination "GMartin_Petrov won on time"]

1. e4 e5 2. Nf3 Nc6 3. Bc4 Nf6 4.
d3 Bc5 5. O-O d6 6. c3 h6 7. b4 Bb6 8. h3 a5 9. b5 Ne7 10. Nbd2 Ng6 11. d4 O-O 12. Re1 a4 13. Bd3 Nf4 14. Bc2 Re8 15. Nf1 a3 16. dxe5 dxe5 17.
Qxd8 Rxd8 18. Nxe5 Ne6 19. Ng3 Nc5 20. Be3 Be6 21.
f4 Na4 22. f5 Bd7 23. Bb3 Be8 24. Bxb6 Nxb6 25. Rad1 Nbd7 26. Nd3 Nb6 27. e5 Nfd5 28. Ne4 1-0

[Event "*** Titled Tuesday Blitz"]
[Site "Chess.com"]
[Date "2020.05.05"]
[Round "6"]
[White "ArnaudovP"]
[Black "kakakz"]
[Result "1-0"]
[WhiteElo "2595"]
[BlackElo "2430"]
[TimeControl "180+1"]
[EndTime "11:06:29 PDT"]
[Termination "ArnaudovP won on time"]

1. Nf3 Nf6 2. c4 g6 3. Nc3 Bg7 4. e4 d6 5. d4 O-O 6. h3 e5 7. d5 a5 8. g4 Na6 9. Be3 Nc5 10. Nd2 c6 11. Be2 Nfd7 12. h4 a4 13. a3 Bf6 14. g5 Be7 15. Rg1 Qa5 16. Qc2 Nb6 17. Bg4 Bxg4 18. Rxg4 Qa6 19. Bxc5 dxc5 20.
Nd1 f5 21. gxf6 Rxf6 22. h5 Raf8 23. hxg6 Rxg6 24. Rxg6+ hxg6 25. Qd3 Kg7 26. Qe2 Bg5 27. Ne3 Bxe3 28. fxe3 cxd5 29. exd5 e4 30. O-O-O Rf5 31. Rh1 Nxd5 32. Qh2 1-0

[Event "*** Titled Tuesday Blitz"]
[Site "Chess.com"]
[Date "2020.05.05"]
[Round "6"]
[White "WastefulJustice"]
[Black "FMJoseHerrera"]
[Result "0-1"]
[WhiteElo "2358"]
[BlackElo "2579"]
[TimeControl "180+1"]
[EndTime "11:06:30 PDT"]
[Termination "FMJoseHerrera won by resignation"]

1. e4 c5 2. Nf3 e6 3. d4 cxd4 4.
Nxd4 a6 5. c4 Qc7 6. Nc3 d6 7. Be3 Nd7 8. f3 Ngf6 9. Qd2 b6 10. Be2 Bb7 11. O-O Rc8 12. Rfd1 Be7 13. Rac1 h5 14. b4 h4 15. Bf1 h3 16. g3 Ne5 17.
Qf2 Qb8 18. Na4 Bd8 19. Nb3 Nxc4 20. Bxc4 Rxc4 21. Rxc4 b5 22. Ba7 Qa8 23. Rxd6 bxc4 24. Nbc5 Be7 25. Nxb7 Qxb7 26. Qb6 Qa8 27. Rd1 O-O 28.
Qxa6 Nxe4 29. fxe4 Qxe4 30. Kf2 Qc2+ 31. Ke1 Bxb4+ 0-1

[Event "*** Titled Tuesday Blitz"]
[Site "Chess.com"]
[Date "2020.05.05"]
[Round "6"]
[White "BillCoe"]
[Black "kreonx"]
[Result "0-1"]
[WhiteElo "2016"]
[BlackElo "2218"]
[TimeControl "180+1"]
[EndTime "11:06:30 PDT"]
[Termination "kreonx won by resignation"]

1. e4 c6 2. d4 d5 3. Nc3 g6 4. Be3 Bg7 5. Qd2 Nf6 6. e5 Ne4 7.
Nxe4 dxe4 8. c3 c5 9. Bb5+ Bd7 10. Bxd7+ Nxd7 11. Ne2 O-O 12. Ng3 cxd4 13. cxd4 f5 14. exf6 exf6 15. O-O f5 16. Bh6 Nf6 17. Bxg7 Kxg7 18.
Rac1 Rc8 19. Ne2 Qd5 20. Nf4 Qxa2 21. Qb4 Qf7 22. Qa5 g5 23. Qxf5 Rxc1 24. Rxc1 gxf4 25.
Qxf4 Nd5 26. Qg5+ Kh8 27. Qe5+ Qf6 28. h3 Qxe5 29. dxe5 Re8 30. Ra1 a6 31. Rc1 Rxe5 32. Rc8+ Kg7 33. Rd8 Nf6 34. Rb8 Rb5 0-1

[Event "*** Titled Tuesday Blitz"]
[Site "Chess.com"]
[Date "2020.05.05"]
[Round "6"]
[White "larisakalinina"]
[Black "barbara25"]
[Result "0-1"]
[WhiteElo "2035"]
[BlackElo "2224"]
[TimeControl "180+1"]
[EndTime "11:06:31 PDT"]
[Termination "barbara25 won by checkmate"]

1. e4 c5 2. Nf3 d6 3. d4 cxd4 4. Nxd4 Nf6 5. Nc3 a6 6. f4 e6 7. Nf3 Be7 8. Bd3 O-O 9. O-O b5 10. a3 Bb7 11. Qe1 Nbd7 12. e5 dxe5 13. Nxe5 Nxe5 14.
fxe5 Nd5 15. Ne4 f5 16. exf6 Nxf6 17. Nxf6+ Bxf6 18. Qxe6+ Kh8 19. Rd1 Bd4+ 20. Kh1 Bxg2+ 21. Kxg2 Qh4 22. Rf1 Rxf1 23. Bxf1 Qf2+ 24. Kh3 Qxf1+ 25.
Kg4 Qg2+ 26. Kf5 Qh3+ 27. Ke4 Qxe6+ 28. Kxd4 Rd8+ 29. Kc3 Qc4# 0-1

[Event "*** Titled Tuesday Blitz"]
[Site "Chess.com"]
[Date "2020.05.05"]
[Round "6"]
[White "asimali1977"]
[Black "H3nriqueTV"]
[Result "0-1"]
[WhiteElo "1943"]
[BlackElo "2151"]
[TimeControl "180+1"]
[EndTime "11:06:31 PDT"]
[Termination "H3nriqueTV won on time"]

1. Nf3 d5 2. g3 c6 3. Bg2 Bf5 4. O-O h6 5. d3 e6 6. Nbd2 Nf6 7. Re1 Be7 8. c4 O-O 9. Qc2 Nbd7 10. e4 dxe4 11. dxe4 Bh7 12. b3 Nc5 13. Ba3 Re8 14. Rad1 Qb6 15. Ne5 Rad8 16. Kh1 Bd6 17.
Bxc5 Bxc5 18. f4 Bd4 19. Nd3 Ng4 20. e5 Be3 21. Ne4 Rd4 22. c5 Qa5 23. h3 Rxd3 24.
Qxd3 Bxe4 25. Bxe4 Nf2+ 26. Kg2 Nxd3 27. Rxe3 Nxc5 28.
Rd6 Nxe4 29. Rxe4 Qxa2+ 0-1

[Event "*** Titled Tuesday Blitz"]
[Site "Chess.com"]
[Date "2020.05.05"]
[Round "6"]
[White "FMOlexandrProhorov"]
[Black "HanSchut"]
[Result "1-0"]
[WhiteElo "2069"]
[BlackElo "2218"]
[TimeControl "180+1"]
[EndTime "11:06:32 PDT"]
[Termination "FMOlexandrProhorov won by checkmate"]

1. e4 c5 2. c3 g6 3. d4 cxd4 4. cxd4 d5 5. e5 Nc6 6. Nf3 Bg4 7. Nbd2 Nxd4 8. Qa4+ Nc6 9. Qxg4 Bg7 10. Nb3 e6 11. Bb5 Ne7 12. Bg5 O-O 13. Bxc6 bxc6 14. O-O Qc7 15.
Rac1 Nc8 16. Rfe1 Rb8 17. Nfd4 Bxe5 18. Nxc6 Bxh2+ 19. Kh1 f5 20. Qh3 Bf4 21. Bxf4 Qxf4 22. Nxb8 Qxb8 23. Rxe6 a5 24. Nd4 Qxb2 25. Qc3 Qxf2 26.
Rce1 f4 27. Re8 Nd6 28. Rxf8+ Kxf8 29. Ne6+ Kg8 30. Qg7# 1-0

[Event "*** Titled Tuesday Blitz"]
[Site "Chess.com"]
[Date "2020.05.05"]
[Round "6"]
[White "Sosat98"]
[Black "Kildepiotr"]
[Result "0-1"]
[WhiteElo "2656"]
[BlackElo "2493"]
[TimeControl "180+1"]
[EndTime "11:06:33 PDT"]
[Termination "Kildepiotr won by resignation"]

1. e4 g6 2. d4 Bg7 3. Nc3 c6 4.
h3 d6 5. Nf3 Nf6 6. Be3 O-O 7.
Qd2 b5 8. Bd3 Nbd7 9. a4 b4 10.
Ne2 a5 11. Ng3 Qc7 12. c3 c5 13. O-O Bb7 14. Bh6 c4 15. Bb1 b3 16. Nh4 e6 17. Bxg7 Kxg7 18. f4 Ng8 19. f5 e5 20.
fxg6 fxg6 21. Nhf5+ gxf5 22. Nh5+ Kh8 23. Qg5 Ndf6 24.
exf5 Nxh5 25. Qxh5 exd4 26. cxd4 Nf6 27. Qh6 Qg7 28.
Qd2 Rg8 29. Rf2 Rae8 30. Qxa5 Bxg2 0-1

[Event "*** Titled Tuesday Blitz"]
[Site "Chess.com"]
[Date "2020.05.05"]
[Round "6"]
[White "Xeslu"]
[Black "DanielMieles1985"]
[Result "0-1"]
[WhiteElo "2362"]
[BlackElo "2640"]
[TimeControl "180+1"]
[EndTime "11:06:33 PDT"]
[Termination "DanielMieles1985 won by checkmate"]

1. e4 c5 2. Nf3 Nc6 3. Bb5 g6 4. Bxc6 dxc6 5. d3 Bg7 6. h3 Nf6 7. Nc3 b6 8. Bf4 Nd7 9. Qd2 h6 10. e5 Nf8 11. O-O-O Ne6 12. Bh2 Nd4 13. Nxd4 cxd4 14.
Ne4 Qd5 15. Kb1 Be6 16. b3 a5 17. f4 O-O 18. c4 dxc3 19. Nxc3 Qd7 20. g4 b5 21. Ne4 a4 22. b4 a3 23. Nc5 Qd5 24. d4 f5 25. g5 hxg5 26. fxg5 f4 27. Bxf4 Rxf4 28. Qxf4 Qxa2+ 29. Kc1 Qb2# 0-1

[Event "*** Titled Tuesday Blitz"]
[Site "Chess.com"]
[Date "2020.05.05"]
[Round "6"]
[White "TigrVShlyape"]
[Black "Parhamov"]
[Result "0-1"]
[WhiteElo "2819"]
[BlackElo "3015"]
[TimeControl "180+1"]
[EndTime "11:06:34 PDT"]
[Termination "Parhamov won by resignation"]

1. d4 Nf6 2. Nf3 d5 3. Bf4 Bf5 4. e3 e6 5. c4 Bxb1 6. Qa4+ Nc6 7.
Rxb1 Bb4+ 8. Ke2 O-O 9. g3 dxc4 10. a3 Bd6 11. Qxc4 Ne7 12. Bg2 c6 13. Bxd6 Qxd6 14. Rhd1 Rfd8 15. Rbc1 a5 16. Ne5 Ng6 17. Nd3 e5 18.
Nc5 Qe7 19. Kf1 h5 20. dxe5 Nxe5 21. Qc3 h4 22. Rxd8+ Rxd8 23. Qxa5 Nfg4 24. Kg1 Nxf2 25. gxh4 Neg4 26. Qc3 Qd6 27. h3 Qh2+ 28. Kf1 Nxh3 0-1

[Event "*** Titled Tuesday Blitz"]
[Site "Chess.com"]
[Date "2020.05.05"]
[Round "6"]
[White "Nakachuk"]
[Black "TargetA"]
[Result "0-1"]
[WhiteElo "2846"]
[BlackElo "2545"]
[TimeControl "180+1"]
[EndTime "11:06:34 PDT"]
[Termination "TargetA won by resignation"]

1. Nf3 Nf6 2. g3 b5 3. Bg2 Bb7 4. O-O e6 5. d3 d5 6. Nbd2 Be7 7. Qe1 O-O 8. e4 c5 9. e5 Nfd7 10. Qe2 Nc6 11. Re1 a5 12. Nf1 a4 13. h4 a3 14. b3 Kh8 15. Bf4 f6 16. exf6 Bxf6 17.
Qxe6 Bxa1 18. Rxa1 Qf6 19. Qxd7 Rf7 20. Qxd5 Nd4 21.
Qh5 Ne2+ 22. Kh1 Nxf4 23. gxf4 Bxf3 24. Bxf3 Qxa1 25. Kg2 Raf8 26. Be4 g6 27. Qxc5 Rxf4 28. f3 Qxa2 29. Ne3 Qb2 30. Nd5 R4f7 31. Nc3 Qxc2+ 32.
Kg3 a2 33. Qd4+ Kg8 34. Nd5 Qb1 35. Bxg6 hxg6 36. Qb6 a1=Q 37. Qxg6+ Qg7 0-1

[Event "*** Titled Tuesday Blitz"]
[Site "Chess.com"]
[Date "2020.05.05"]
[Round "6"]
[White "semchik73"]
[Black "Omk124"]
[Result "0-1"]
[WhiteElo "2206"]
[BlackElo "2392"]
[TimeControl "180+1"]
[EndTime "11:06:36 PDT"]
[Termination "Omk124 won by resignation"]

1. Nf3 Nf6 2. c4 g6 3. Nc3 Bg7 4. e4 d6 5. d4 O-O 6. Be2 e5 7. O-O Nc6 8. dxe5 dxe5 9. Qc2 Nd4 10. Nxd4 exd4 11. Nd5 c6 12. Nxf6+ Qxf6 13. f4 Re8 14. e5 Qe7 15. Bf3 Bf5 16. Be4 Bxe4 17. Qxe4 Rad8 18. Bd2 f6 19. Ba5 Rd7 20. Rae1 fxe5 21. fxe5 d3 22.
e6 Rd4 23. Qe3 Qd6 24. Bc3 d2 25. Rd1 Rd3 26. Rxd2 Rxe3 27. Rxd6 Bxc3 28. bxc3 R3xe6 29. Rd7 R6e7 30. Rfd1 Kf7 31. c5 Rxd7 32. Rxd7+ Re7 33.
Rd8 Ke6 34. Rd6+ Ke5 35. Rd8 Ke6 36. Kf2 Rd7 37. Re8+ Kd5 38. Ra8 a6 39. Re8 Kxc5 40. Ke2 Kc4 41. Re3 c5 42. h4 b5 43. g4 a5 44. h5 a4 45. hxg6 hxg6 46. Re6 g5 47.
Re5 Rd5 48. Re3 b4 49. cxb4 cxb4 50. Re4+ Rd4 51. Re8 Rxg4 52. Rc8+ Kd4 53. Rb8 Kc3 54. Rc8+ Kb2 0-1

[Event "*** Titled Tuesday Blitz"]
[Site "Chess.com"]
[Date "2020.05.05"]
[Round "6"]
[White "Kapibara_Warri0r"]
[Black "mjray79"]
[Result "0-1"]
[WhiteElo "2091"]
[BlackElo "2255"]
[TimeControl "180+1"]
[EndTime "11:06:36 PDT"]
[Termination "mjray79 won on time"]

1. e4 e5 2. Nf3 Nc6 3. Bb5 a6 4.
Ba4 Nf6 5. O-O Be7 6. Re1 b5 7. Bb3 d6 8. d3 O-O 9. a4 Bb7 10.
c3 Na5 11. Bc2 c5 12. Bg5 h6 13. Bxf6 Bxf6 14. Nbd2 g6 15. Nf1 Bg7 16. Ng3 f5 17. d4 f4 18. Ne2 Qe7 19. dxc5 dxc5 20. b4 cxb4 21. cxb4 Nc4 22. Qb1 g5 23. h3 h5 24.
Bb3 g4 25. hxg4 hxg4 26. Nd2 Rac8 27. f3 g3 28. Bxc4+ bxc4 29. Nc3 Qh4 30. Kf1 Qh1+ 31. Ke2 Qxg2+ 32. Kd1 Rfd8 33. Re2 Qxf3 34. Kc2 Qd3+ 35. Kb2 Qxe2 36. Nxe2 Rxd2+ 37. Ka3 Rxe2 38. Ra2 Bxe4 0-1

[Event "*** Titled Tuesday Blitz"]
[Site "Chess.com"]
[Date "2020.05.05"]
[Round "6"]
[White "atalz0"]
[Black "AVolodin"]
[Result "0-1"]
[WhiteElo "2476"]
[BlackElo "2668"]
[TimeControl "180+1"]
[EndTime "11:06:38 PDT"]
[Termination "AVolodin won by resignation"]

1. d4 Nf6 2. c4 c5 3. d5 b5 4.
cxb5 a6 5. f3 g6 6. e4 Bg7 7. Na3 O-O 8. Ne2 e6 9. Nc3 exd5 10.
Nxd5 Nxd5 11. Qxd5 Ra7 12. Bg5 Qb6 13. Nc4 Qxb5 14.
Be2 Bb7 15. Qd2 Nc6 16. O-O Nd4 17. Bd3 d5 18. Nd6 Qd7 19. Nxb7 Rxb7 20. exd5 Rxb2 21. Qe3 Nc2 22. Qe7 Qxe7 23. Bxe7 Nxa1 24. Bxf8 Kxf8 25. d6 Rd2 26. Rb1 Bd4+ 27. Kf1 Rxd3 28.
Rb8+ Kg7 29. d7 Bf6 0-1

[Event "*** Titled Tuesday Blitz"]
[Site "Chess.com"]
[Date "2020.05.05"]
[Round "6"]
[White "Baronessa08"]
[Black "EvgenyRomanov"]
[Result "0-1"]
[WhiteElo "2471"]
[BlackElo "2653"]
[TimeControl "180+1"]
[EndTime "11:06:41 PDT"]
[Termination "EvgenyRomanov won on time"]

1. c4 e5 2. g3 c6 3. Nf3 e4 4. Nd4 d5 5. d3 exd3 6. Qxd3 Na6 7. Bg2 Nc5 8. Qc2 dxc4 9. Qxc4 Be7 10. O-O Nf6 11.
Be3 Nd5 12. Nd2 Nxe3 13. fxe3 O-O 14. N2b3 Nxb3 15. Qxb3 Bf6 16. Rad1 Qe7 17. Rd3 g6 18. Rfd1 Bg7 19. e4 Bg4 20. h3 Bxd4+ 21. Rxd4 Bxe2 22.
Re1 Ba6 23. e5 Qc5 24. Qe3 Rad8 0-1

[Event "*** Titled Tuesday Blitz"]
[Site "Chess.com"]
[Date "2020.05.05"]
[Round "6"]
[White "Rud_Makarian"]
[Black "BillieKimbah"]
[Result "0-1"]
[WhiteElo "2745"]
[BlackElo "2875"]
[TimeControl "180+1"]
[EndTime "11:06:42 PDT"]
[Termination "BillieKimbah won by resignation"]

1. d4 Nf6 2. c4 g6 3. Nc3 Bg7 4. Nf3 O-O 5. g3 d6 6. Bg2 c5 7. d5 e6 8. O-O exd5 9. cxd5 Re8 10. Nd2 a6 11. a4 Nbd7 12. h3 Rb8 13. Nc4 Ne5 14.
Na3 Nh5 15. e4 Bd7 16. a5 Qxa5 17. g4 Nf6 18. f4 Nexg4 19. hxg4 Nxg4 20. Nc2 Qd8 21. Qe1 f5 22. Qg3 b5 23. Rxa6 b4 24. Nd1 Bb5 25.
Ra7 Bxf1 26. Kxf1 Qb6 27. Rxg7+ Kxg7 28. b3 Qa6+ 29. Kg1 c4 30. Nde3 cxb3 31. Nxg4 bxc2 32. Bb2+ Kf8 33. Qh4 Qa7+ 34. Kh2 fxg4 35. Qf6+ Qf7 36. Qh8+ Ke7 37. Qxh7 0-1

[Event "*** Titled Tuesday Blitz"]
[Site "Chess.com"]
[Date "2020.05.05"]
[Round "6"]
[White "IMRosen"]
[Black "abubakrtagelsir"]
[Result "1-0"]
[WhiteElo "2567"]
[BlackElo "2357"]
[TimeControl "180+1"]
[EndTime "11:06:42 PDT"]
[Termination "IMRosen won by resignation"]

1. d4 Nf6 2. Bf4 d5 3. e3 c5 4. Nf3 Nc6 5. Nbd2 Qb6 6. dxc5 Qxb2 7. Rb1 Qxa2 8. Bb5 Qa5 9. O-O e6 10. c4 Be7 11. Ne5 Bd7 12. Nxd7 Nxd7 13. Nb3 Qd8 14.
cxd5 exd5 15. Qxd5 O-O 16. Bxc6 bxc6 17. Qxc6 Rc8 18. Qa6 Nxc5 19. Qxa7 Nxb3 20. Rxb3 Bc5 21. Qb7 Qf6 22. Rd3 Rcd8 23. Rxd8 Rxd8 24. Qb5 Bd6 25. Bg5 Bxh2+ 26. Kxh2 Qd6+ 27. Bf4 Qg6 28. Qg5 Qxg5 29. Bxg5 f6 30. Bf4 g5 31. Bg3 h5 32. f3 Kf7 33.
Rb1 h4 34. Bf2 Rd6 35. e4 Kg6 36. Kg1 f5 37. Rb6 Rxb6 38. Bxb6 g4 39. exf5+ Kxf5 40. fxg4+ Kxg4 41. Kh2 Kf4 42. Kh3 1-0

[Event "*** Titled Tuesday Blitz"]
[Site "Chess.com"]
[Date "2020.05.05"]
[Round "6"]
[White "pandamaster3000"]
[Black "Bacyanide"]
[Result "1-0"]
[WhiteElo "2302"]
[BlackElo "2417"]
[TimeControl "180+1"]
[EndTime "11:06:43 PDT"]
[Termination "pandamaster3000 won by resignation"]

1. e4 c6 2. d4 d5 3. e5 Bf5 4. h4 h5 5. Bd3 Bxd3 6. Qxd3 Qa5+ 7.
Bd2 Qb6 8. e6 fxe6 9. Nf3 Nd7 10.
Qg6+ Kd8 11. O-O c5 12. Ng5 Kc8 13. Qe8+ Qd8 14. Qxd8+ Kxd8 15. Nf7+ Ke8 16. Nxh8 cxd4 17. Re1 Rc8 18. c3 dxc3 19. Bxc3 Nh6 20. Nd2 Nf5 21. Nf3 Nc5 22. Ng6 Ne4 23. Be5 Rc2 24.
Rac1 Rc6 25. Rxc6 bxc6 26. Nd4 Nxd4 27. Bxd4 c5 28. Be5 Kf7 29. Nxf8 Kxf8 30. f3 Nf6 31. Bxf6 exf6 32. Rxe6 1-0

[Event "*** Titled Tuesday Blitz"]
[Site "Chess.com"]
[Date "2020.05.05"]
[Round "6"]
[White "neurisdr"]
[Black "GasconJR"]
[Result "0-1"]
[WhiteElo "2777"]
[BlackElo "2620"]
[TimeControl "180+1"]
[EndTime "11:06:44 PDT"]
[Termination "GasconJR won by resignation"]

1. e4 c5 2. Nf3 Nc6 3. Bb5 d6 4.
O-O Bd7 5. Re1 Nf6 6. d4 cxd4 7.
Nxd4 e6 8. c4 Be7 9. Nc3 O-O 10.
Bxc6 bxc6 11. b3 c5 12. Ndb5 Bc6 13. Bf4 e5 14. Bg5 a6 15. Bxf6 Bxf6 16. Qxd6 Qxd6 17. Nxd6 g6 18. Nd5 Kg7 19. Rad1 Rad8 20. Nb6 Be7 21.
Ndc8 Rxc8 22. Nxc8 Rxc8 23. f3 Kf6 24. Rd3 Ke6 25. Red1 a5 26. Kf2 h5 27. Ke2 g5 28.
Kd2 Rg8 29. Ke2 g4 30. Kf2 h4 31. R1d2 h3 32. gxh3 gxf3 33. Rxf3 Bxe4 34. Re3 Rg2+ 35.
Ke1 Rxd2 36. Kxd2 Bg5 0-1

[Event "*** Titled Tuesday Blitz"]
[Site "Chess.com"]
[Date "2020.05.05"]
[Round "6"]
[White "Gvetadze"]
[Black "vovachesss"]
[Result "1-0"]
[WhiteElo "2400"]
[BlackElo "2563"]
[TimeControl "180+1"]
[EndTime "11:06:44 PDT"]
[Termination "Gvetadze won by checkmate"]

1. Nf3 Nf6 2. g3 g6 3. Bg2 Bg7 4. O-O O-O 5. d3 d6 6. e4 e5 7. Nc3 Qe7 8. h3 c6 9. Be3 Rd8 10. Qd2 Be6 11. Bh6 Bh8 12. Rae1 Nbd7 13. Ng5 b5 14. a3 a5 15. f4 Nc5 16. f5 Bd7 17.
Qf2 b4 18. Nb1 b3 19. Re3 bxc2 20. Qxc2 Rab8 21. Ref3 Rb7 22. Nd2 Rdb8 23. Nc4 a4 24. Qf2 d5 25. fxg6 fxg6 26. exd5 cxd5 27. Rxf6 Bxf6 28.
Bxd5+ Kh8 29. Qxf6+ Qxf6 30. Rxf6 Rc7 31. Nf7+ Kg8 32.
Nd8+ Be6 33. Rf8# 1-0

[Event "*** Titled Tuesday Blitz"]
[Site "Chess.com"]
[Date "2020.05.05"]
[Round "6"]
[White "Gmedmundo"]
[Black "ChessBitl"]
[Result "1-0"]
[WhiteElo "2490"]
[BlackElo "2299"]
[TimeControl "180+1"]
[EndTime "11:06:44 PDT"]
[Termination "Gmedmundo won by resignation"]

1. e4 c5 2. Nf3 Nc6 3. Bb5 Qc7 4. O-O e6 5. Nc3 a6 6. Bxc6 Qxc6 7. d4 cxd4 8. Nxd4 Qc7 9. Re1 d6 10. Bf4 Be7 11.
e5 d5 12. Qg4 g6 13. h4 h6 14.
Qg3 h5 15. Rad1 b5 16. Nxd5 exd5 17. e6 Qb6 18. exf7+ Kxf7 19. Be5 Nf6 20. Nf3 Bg4 21.
Ng5+ Kg7 22. Bc7 Qc5 23. Rd3 Rhe8 24. Rde3 Bf8 25. Be5 Be7 26. Qf4 Bf5 27. Bd4 Qc8 28. Rxe7+ Rxe7 29. Rxe7+ Kg8 30. Bxf6 Qxc2 31. Rg7+ Kf8 32.
Qd6+ 1-0

[Event "*** Titled Tuesday Blitz"]
[Site "Chess.com"]
[Date "2020.05.05"]
[Round "6"]
[White "fabianvivasz"]
[Black "emperor87"]
[Result "0-1"]
[WhiteElo "2353"]
[BlackElo "2571"]
[TimeControl "180+1"]
[EndTime "11:06:44 PDT"]
[Termination "emperor87 won by resignation"]

1. e4 c5 2. Nf3 d6 3. d4 cxd4 4.
Nxd4 Nf6 5. Nc3 Nc6 6. Bg5 e6 7. Bb5 Bd7 8. Bxc6 bxc6 9. Qf3 c5 10. Nb3 Bc6 11. O-O-O Be7 12. Nxc5 Qb6 13. Nb3 a5 14. Qe3 Qxe3+ 15. Bxe3 Nxe4 16. Nxe4 Bxe4 17. Rd4 Bxg2 18. Rg1 Bc6 19. Rc4 Bd5 20. Ra4 O-O 21. Rxa5 Rxa5 22. Nxa5 Ra8 23. Bd2 Bd8 24. b4 Bxa2 25. Kb2 Bd5 26.
c4 Bxa5 27. bxa5 Bxc4 28. Kc3 d5 29. Kd4 f6 30. Rb1 h5 31. h4 Kh7 32. Rb6 e5+ 33.
Kc5 Kg6 34. Rb7 Ba6 35. Rc7 d4 36. Kb6 e4 37. Ra7 Rxa7 38. Kxa7 Bc4 39. Kb6 d3 40. a6 Bxa6 41. Kxa6 Kf5 42. Kb5 g5 43. hxg5 fxg5 44. Kc4 h4 45. f3 h3 46. fxe4+ Kxe4 47. Bf4 0-1

[Event "*** Titled Tuesday Blitz"]
[Site "Chess.com"]
[Date "2020.05.05"]
[Round "6"]
[White "Echecmat"]
[Black "SiddharthGMJagadeesh"]
[Result "0-1"]
[WhiteElo "2199"]
[BlackElo "2406"]
[TimeControl "180+1"]
[EndTime "11:06:44 PDT"]
[Termination "SiddharthGMJagadeesh won on time"]

1. d4 d5 2. c4 e6 3. Nf3 Nf6 4.
g3 Bb4+ 5. Bd2 Be7 6. Bg2 O-O 7. O-O c6 8. Qc2 b6 9. Nc3 dxc4 10. e3 Nd5 11. Ne5 Ba6 12. a4 f6 13. Nf3 Nb4 14. Qe4 Qd7 15. Ne1 Bb7 16. a5 N8a6 17. Nc2 Nxc2 18. Qxc2 Nb4 19. Qe4 f5 20. Qf3 Nd5 21.
Na4 b5 22. Nc5 Bxc5 23. dxc5 e5 24. a6 e4 25. Qe2 Bc8 26. Rfd1 Qf7 27. Bc3 Nxc3 28.
bxc3 Be6 29. Rd6 Bd5 30. Rd1 Rad8 31. Rxd8 Rxd8 32. Qd2 Qe7 33. Qd4 Kf7 34. Bh3 g6 35. g4 Qh4 0-1

[Event "*** Titled Tuesday Blitz"]
[Site "Chess.com"]
[Date "2020.05.05"]
[Round "6"]
[White "annacramling"]
[Black "violetflower04"]
[Result "0-1"]
[WhiteElo "1926"]
[BlackElo "2210"]
[TimeControl "180+1"]
[EndTime "11:06:44 PDT"]
[Termination "violetflower04 won on time"]

1. d4 d5 2. c4 e6 3. Nc3 Nf6 4. cxd5 exd5 5. Bg5 Be7 6. e3 O-O 7. Bd3 Nbd7 8. Qd2 c5 9. dxc5 Nxc5 10. Nf3 h6 11.
Bh4 Nfe4 12. Bxe7 Nxd2 13. Bxd8 Nxf3+ 14. gxf3 Nxd3+ 15. Ke2 Nxb2 16. Bc7 d4 17. exd4 Bf5 18. Ne4 Rfe8 19. Rab1 Rxe4+ 20. fxe4 Bxe4 21. Rxb2 Bxh1 22. f3 b6 23. Kf2 Rc8 24. Bf4 Rc3 25. Be3 g5 26. Re2 f5 27. f4 gxf4 28. Bxf4 Rf3+ 29. Kg1 Rxf4 30. Kxh1 Rxd4 31. Re8+ Kf7 32. Rc8 Rd1+ 33. Kg2 Rd2+ 34. Kg3 Rxa2 35. h4 Ra4 36. Rc7+ Kg6 37. Rc6+ Kh5 38. Rf6 f4+ 0-1

[Event "*** Titled Tuesday Blitz"]
[Site "Chess.com"]
[Date "2020.05.05"]
[Round "6"]
[White "konradrutkowski"]
[Black "WeAintSurePal"]
[Result "1-0"]
[WhiteElo "2201"]
[BlackElo "2380"]
[TimeControl "180+1"]
[EndTime "11:06:46 PDT"]
[Termination "konradrutkowski won by resignation"]

1. e4 c5 2. Nf3 e6 3. d3 Nc6 4.
g3 g6 5. Bg2 Bg7 6. O-O d5 7.
Qe2 Nf6 8. c3 O-O 9. h4 h6 10.
e5 Nd7 11. Bf4 Qc7 12. Re1 b5 13. Nbd2 a5 14. Nf1 b4 15. N1h2 h5 16. g4 hxg4 17. Nxg4 Ba6 18. Qd2 Kh7 19. Bh6 Rh8 20. Ng5+ Kg8 21.
Qf4 Ndxe5 22. Bxg7 Kxg7 23. Qf6+ Kg8 24. Nxe5 Nxe5 25. Rxe5 Bxd3 26. Rae1 Rf8 27. Rxe6 fxe6 28. Qxf8+ Kxf8 29. Nxe6+ Kf7 30. Nxc7 Be4 31. Nxd5 Bxd5 32. Bxd5+ Kf6 33. c4 Rxh4 34. Re6+ Kf5 35. Rc6 Rd4 36. Rxc5 Rd1+ 37. Kg2 Rd2 38. Rxa5 Rxb2 39. c5 g5 40. Bb3 Kf4 41. c6 g4 42. Rc5 g3 43. Rc4+ Ke5 44.
Kxg3 Rd2 45. c7 Rd8 46. cxd8=Q 1-0

[Event "*** Titled Tuesday Blitz"]
[Site "Chess.com"]
[Date "2020.05.05"]
[Round "6"]
[White "petrkostenko"]
[Black "Chessalary"]
[Result "1-0"]
[WhiteElo "2430"]
[BlackElo "2168"]
[TimeControl "180+1"]
[EndTime "11:06:46 PDT"]
[Termination "petrkostenko won on time"]

1. c4 e6 2. g3 d5 3. Bg2 dxc4 4. Qa4+ c6 5. Qxc4 Nf6 6. Nc3 Be7 7. d4 O-O 8. Nf3 Nbd7 9. O-O Nd5 10. e4 Nxc3 11. bxc3 c5 12. Rd1 cxd4 13. cxd4 Nf6 14. Qe2 Bd7 15.
Ne5 Rc8 16. a4 h6 17. Bf4 Qa5 18. h4 Bxa4 19. Rdb1 b5 20. d5 exd5 21. exd5 Bd6 22. Nc6 Qc7 23. Bxd6 Qxd6 24. Ne7+ Kh8 25. Nxc8 Rxc8 26.
Qd2 Rc5 27. Rc1 Nd7 28. Qd4 a5 29. h5 Rxc1+ 30. Rxc1 Kh7 31. Qd3+ 1-0

[Event "*** Titled Tuesday Blitz"]
[Site "Chess.com"]
[Date "2020.05.05"]
[Round "6"]
[White "Zurability"]
[Black "karinachess1"]
[Result "1-0"]
[WhiteElo "2684"]
[BlackElo "2480"]
[TimeControl "180+1"]
[EndTime "11:06:47 PDT"]
[Termination "Zurability won on time"]

1. c4 d6 2. d4 e5 3. Nf3 e4 4.
Ng5 f5 5. Nc3 Be7 6. Nh3 Nf6 7.
g3 O-O 8. Bg2 c6 9. d5 Nbd7 10.
b3 Ne5 11. O-O Kh8 12. f3 exf3 13. exf3 Qb6+ 14. Kh1 Bd7 15. Nf4 Rae8 16. Re1 Qc7 17. Be3 c5 18. Bc1 Bd8 19. Bb2 a6 20. a4 Qb8 21. Ne6 Rg8 22. Qc2 g6 23. Re2 Bxe6 24.
dxe6 Be7 25. f4 Nc6 26. Nd5 Rgf8 27. Rd1 Kg8 28. Bc3 Nxd5 29. Bxd5 Nb4 30. Qd2 b5 31. axb5 axb5 32. Bb2 bxc4 33. Qc3 Bf6 34. e7+ Kg7 35. exf8=Q+ Rxf8 36. Qxc4 Nxd5 37. Qxd5 Qb5 38. Bxf6+ Rxf6 39. Rde1 Kh6 40. Kg2 1-0

[Event "*** Titled Tuesday Blitz"]
[Site "Chess.com"]
[Date "2020.05.05"]
[Round "6"]
[White "Mizner"]
[Black "Nafania1"]
[Result "0-1"]
[WhiteElo "2515"]
[BlackElo "2402"]
[TimeControl "180+1"]
[EndTime "11:06:47 PDT"]
[Termination "Nafania1 won on time"]

1. e4 e6 2. d4 d5 3. Nd2 Be7 4. Bd3 c5 5. Ngf3 Nf6 6. e5 Nfd7 7. c3 Nc6 8. O-O a5 9. a4 cxd4 10. cxd4 Nb4 11. Bb1 b6 12. Re1 Ba6 13. Ra3 b5 14.
axb5 Bxb5 15. Nf1 Nc6 16. Rae3 Qb6 17. Ng3 Bb4 18. Bd2 Nxd4 19. Bxb4 Nxf3+ 20. Qxf3 axb4 21. Qg4 g6 22. Qxb4 Bc4 23. Qd2 Rb8 24. h4 Qxb2 25.
Qd1 h5 26. Qf3 Qd4 27. Rd1 Qxh4 28. Bc2 Qg4 29. Ba4 Qxf3 30. Rxf3 Rf8 31. Rc3 Bb5 0-1

[Event "*** Titled Tuesday Blitz"]
[Site "Chess.com"]
[Date "2020.05.05"]
[Round "6"]
[White "boasovietica"]
[Black "queen_iryna"]
[Result "1-0"]
[WhiteElo "2457"]
[BlackElo "2295"]
[TimeControl "180+1"]
[EndTime "11:06:47 PDT"]
[Termination "boasovietica won by resignation"]

1. e4 d6 2. d4 Nf6 3. f3 e5 4. Ne2 Nc6 5. Be3 Be7 6. c4 O-O 7. Nbc3 Re8 8. d5 Nb8 9. g3 Nh5 10. Bg2 Bg5 11. Bf2 a5 12. O-O Na6 13. b3 g6 14. a3 Bd7 15. Rb1 Nc5 16. b4 axb4 17. axb4 Na4 18. Nb5 f5 19. Qd3 fxe4 20. fxe4 Nf6 21.
Kh1 Ng4 22. Bg1 Rf8 23. Rxf8+ Qxf8 24. Nxc7 Rc8 25. Ne6 Nf2+ 26. Bxf2 Qxf2 27. Nxg5 Rf8 28. Rf1 Qb6 29. Rxf8+ Kxf8 30. Qf3+ Ke8 31. Qf7+ Kd8 32. Ne6+ Kc8 33. Qf8+ 1-0